 Dungeon Crawl Stone Soup version 0.19-a0-376-gf780d9b (webtiles) character file.

1251 kae the Carver (level 8, -3/64 HPs)
             Began as a Minotaur Fighter on May 30, 2016.
             Slain by a gnoll sergeant
             ... wielding a +1 trident of protection
              (12 damage)
             ... on level 5 of the Dungeon.
             The game lasted 00:05:48 (4499 turns).

kae the Carver (Minotaur Fighter)                   Turns: 4499, Time: 00:05:49

Health: -3/64      AC:  8    Str: 27    XL:     8   Next: 26%
Magic:  7/7        EV:  7    Int:  7    God:
Gold:   305        SH: 10    Dex:  9    Spells: 0 memorised, 7 levels left

rFire  . . .     SeeInvis .     a - +0 long sword
rCold  . . .     Gourm    .     b - +0 scale mail
rNeg   . . .     Faith    .     c - +0 shield
rPois  .         Spirit   .     (helmet restricted)
rElec  .         Dismiss  .     e - +0 cloak
rCorr  .         Reflect  .     (no gloves)
SustAt .         Harm     .     (no boots)
MR     .....                    i - amulet of magic regeneration
Stlth  ..........               (no ring)
                                n - ring of wizardry

@: mighty, not resistant to hostile enchantments, extremely unstealthy
A: retaliatory headbutt, horns 2
a: no special abilities


You were on level 5 of the Dungeon.
You were hungry.

You visited 2 branches of the dungeon, and saw 7 of its levels.

You collected 305 gold pieces.

Inventory:

Hand Weapons
 a - a +0 long sword (weapon)
Armour
 b - a +0 scale mail (worn)
 c - a +0 shield (worn)
 e - a +0 cloak (worn)
Jewellery
 i - an amulet of magic regeneration (around neck)
 n - a ring of wizardry (left hand)
Wands
 y - a wand of digging (19/24)
Scrolls
 j - 6 scrolls of teleportation
 p - a scroll of enchant armour {unknown}
 r - 2 scrolls of amnesia {unknown}
 t - 2 scrolls of identify
 v - a scroll of remove curse
 z - a scroll of enchant weapon {unknown}
Potions
 d - a potion of might
 k - a potion of beneficial mutation
 m - a potion of curing
 o - a potion of brilliance {unknown}
 q - a potion of cure mutation
 s - a potion of invisibility {unknown}
 x - 2 potions of berserk rage {unknown}
Comestibles
 f - 8 bread rations
 g - 3 meat rations
 l - 9 fruits
 u - a beef jerky


   Skills:
 - Level 3.6 Fighting
 + Level 11.9 Long Blades
 - Level 3.6 Armour
 - Level 3.6 Shields


You had 7 spell levels left.
You didn't know any spells.

Dungeon Overview and Level Annotations

Branches:
Dungeon (6/15)             Temple (1/1) D:4

Altars:
Ashenzari
Cheibriados
Dithmenos
Elyvilon
Fedhas
Gozag
Hepliaklqana
Kikubaaqudgha
Makhleb
Nemelex Xobeh
Okawaru
Pakellas
Qazlal
Ru
Sif Muna
Trog
Vehumet
Xom
Zin


Innate Abilities, Weirdness & Mutations

You reflexively headbutt those who attack you in melee.
You have a pair of horns on your head.


Message History

The gnoll sergeant hits you with a trident of protection!
* * * LOW HITPOINT WARNING * * *
You slip out of the net!
The gnoll hits you but does no damage.
The gnoll sergeant hits you with a trident of protection.
* * * LOW HITPOINT WARNING * * *
Okay, then.
The gnoll hits you with a club.
* * * LOW HITPOINT WARNING * * *
The gnoll hits you but does no damage.
The gnoll sergeant hits you but does no damage.
You climb upwards.
There is a stone staircase leading down here.
Unknown command.
Okay, then.
You feel very mighty all of a sudden. You block the gnoll's attack.
You hit the gnoll.
The gnoll is heavily wounded.
The gnoll sergeant hits you with a trident of protection!
You die...

.## #.# #.# .# #.#
#.# .# #.# ####.#
.## #.# ##.##.# ..#
#.# #..####### .##
#.# ##.#_..... ##
#.# #<###.... #
#.####### #.# ###..
# #.g@g...# #.# ###
# #######.# #.#
###.. # #.#
#.###.... #######
#.# #.#_.....
......# #.#
#.####### #####.#
### #.# #.# # #.#
##.## #.# #.# #
#.###...########.#
#.# ##
##.##.............#
#.#


You could see a gnoll sergeant and a gnoll.

Vanquished Creatures
  An ice beast (D:5)
  2 phantoms
  3 eyes of draining (D:4)
  A scorpion (D:5)
  3 crimson imps
  A giant frog zombie (D:5)
  A centaur zombie (D:5)
  A centaur skeleton (D:4)
  5 hounds
  A giant frog skeleton (D:5)
  Robin (D:3)
  4 gnolls
  10 adders
  A shadow imp (D:5)
  2 oozes (D:3)
  An adder skeleton (D:4)
  A worm (D:3)
  4 dart slugs
  3 giant geckos
  8 orcs
  5 bats
  3 giant cockroaches
  18 goblins
  15 hobgoblins
  10 jackals
  2 quokkas (D:2)
  2 ball pythons
  A giant gecko zombie (D:5)
  4 giant newts
  9 kobolds
  2 quokka skeletons (D:4)
  A rat (D:3)
126 creatures vanquished.

Notes
Turn   | Place    | Note
--------------------------------------------------------------
     0 | D:1      | kae the Minotaur Fighter began the quest for the Orb.
     0 | D:1      | Reached XP level 1. HP: 19/19 MP: 0/0
   229 | D:1      | Reached skill level 3 in Long Blades
   337 | D:1      | Reached XP level 2. HP: 26/26 MP: 1/1
   579 | D:1      | Reached skill level 4 in Long Blades
   694 | D:2      | Reached XP level 3. HP: 31/31 MP: 2/2
   784 | D:2      | Found a blossoming altar of Fedhas.
  1059 | D:2      | Reached skill level 5 in Long Blades
  1161 | D:2      | Found a sacrificial altar of Ru.
  1319 | D:2      | Reached XP level 4. HP: 39/39 MP: 3/3
  1481 | D:3      | Found a shadowy altar of Dithmenos.
  1659 | D:3      | Reached skill level 6 in Long Blades
  1891 | D:3      | Reached XP level 5. HP: 45/45 MP: 4/4
  2002 | D:3      | Noticed Robin
  2009 | D:3      | Killed Robin
  2118 | D:3      | Reached skill level 7 in Long Blades
  2202 | D:3      | Found a faded altar to an unknown god.
  2315 | D:4      | Found an opulent altar of Gozag.
  2322 | D:4      | Found a white marble altar of Elyvilon.
  2360 | D:4      | Found a bloodstained altar of Trog.
  2360 | D:4      | Noticed an eye of draining
  2360 | D:4      | Noticed an eye of draining
  2361 | D:4      | Noticed an eye of draining
  2372 | D:4      | Found a staircase to the Ecumenical Temple.
  2379 | Temple   | Entered the Ecumenical Temple
  2575 | D:4      | Killed an eye of draining
  2575 | D:4      | Reached skill level 8 in Long Blades
  2575 | D:4      | Reached XP level 6. HP: 43/51 MP: 0/5
  2694 | D:4      | Reached skill level 9 in Long Blades
  2694 | D:4      | Reached XP level 7. HP: 57/57 MP: 1/6
  3048 | D:4      | Found a burning altar of Makhleb.
  3054 | D:4      | Reached skill level 10 in Long Blades
  3340 | D:5      | Entered Level 5 of the Dungeon
  3483 | D:5      | Reached skill level 11 in Long Blades
  3483 | D:5      | Reached XP level 8. HP: 59/64 MP: 7/7
  3841 | D:5      | Found a shimmering altar of Xom.
  3847 | D:5      | Found an oddly glowing altar of Pakellas.
  3847 | D:5      | Found a deep blue altar of Sif Muna.
  3866 | D:5      | Found a stormy altar of Qazlal.
  3871 | D:5      | Found a snail-covered altar of Cheibriados.
  4101 | D:6      | Found a hazy altar of Hepliaklqana.
  4499 | D:5      | Slain by a gnoll sergeant

Vault maps used:
D:1:      minmay_arrival_three_doors
D:2:      old_standard_altar, overflow_temple_1_default
D:3:      lemuel_doored_altar, ecumenical_altar_2, amalloy_card_club, uniq_robin
D:4:      nicolae_overflow_hidden_temple, makhleb_heckhound_becter,
          lemuel_crystal_altar, trog_eyes_of_draining, minmay_temple_entry_hall
D:5:      minmay_overflow_temple_star_hex, first_bread
D:6:      marbit_many_paths
Temple:   hc_temple_tempest_star_small

Skill      XL: |  1  2  3  4  5  6  7 |
---------------+----------------------+-----
Long Blades    | 3 4 5 6 8 9 11 | 11.9
Fighting       | |  3.6
Armour         | |  3.6
Shields        | |  3.6

Action                   |  1- 3 |  4- 6 |  7- 9 || total
-------------------------+-------+-------+-------++-------
Melee: Long sword        |    89 |   167 |   151 ||   407
       Headbutt          |     9 |    23 |    24 ||    56
  Use: Scroll            |       |     9 |     1 ||    10
       Potion            |       |     1 |     1 ||     2
  Eat: Chunk             |     1 |     5 |     5 ||    11
Armor: Scale mail        |    37 |    61 |    75 ||   173
       Skin              |       |     7 |       ||     7
Dodge: Dodged            |    30 |    41 |    50 ||   121
Block: Shield            |    35 |    73 |    73 ||   181
